 Dungeon Crawl Stone Soup version 0.31-a0-167-g1c394c0614 (webtiles) character file.

Game seed: 7030623484443802392

973 qw the Skirmisher (level 8, -1/72 HPs)
             Began as a Naga Hunter on June 14, 2023.
             Slain by a gargoyle
             ... wielding a +0 mace
              (20 damage)
             ... on level 5 of the Dungeon.
             The game lasted 00:01:32 (3717 turns).

qw the Skirmisher (Naga Hunter)                     Turns: 3717, Time: 00:01:32

Health: -1/72      AC:  5    Str: 14    XL:     8   Next: 16%
Magic:  8/8        EV: 10    Int:  9    God:
Gold:   139        SH:  0    Dex: 17    Spells: 7/7 levels left

rFire   . . .        Y - +1 shortbow (drain)
rCold   . . .        (shield currently unavailable)
rNeg    . . .        c - +0 leather armour
rPois   +            b - +1 hat
rElec   .            (no cloak)
rCorr   .            (no gloves)
SInv    +            (no barding)
Will    +....        d - amulet of the acrobat
Stlth   ++           (no ring)
HPRegen 0.32/turn    (no ring)
MPRegen 0.11/turn

%: acrobat
@: about to teleport, very slow
A: AC +2, large, see invisible, deformed body, poison resistance, slowness 2,
spit poison 1, naga tail 1
a: Spit Poison


You were on level 5 of the Dungeon.
You visited 1 branch of the dungeon, and saw 5 of its levels.

You collected 139 gold pieces.


Innate Abilities, Weirdness & Mutations

Your serpentine skin is tough. (AC +2)
You have supernaturally acute eyesight. (SInv)
Armour fits poorly on your strangely shaped body.
Your system is resistant to poisons. (rPois)
You cover ground very slowly.
You can spit poison.
You have a snake-like lower body.


   Skills:
 + Level 4.2 Fighting
 - Level 8.2 Ranged Weapons
 - Level 2.4 Dodging
 - Level 1.5 Stealth


You had 7 spell levels left.
You didn't know any spells.
Your spell library was empty.

Inventory:

Hand Weapons
 Y - a +1 shortbow of draining (weapon)
Armour
 b - a +1 hat (worn)
 c - a +0 leather armour (worn)
Jewellery
 d - an amulet of the acrobat (around neck)
Scrolls
 e - a scroll of identify
Potions
 f - a potion of might
 i - a potion of invisibility {unknown}
 j - a potion of curing
 k - a potion of magic {unknown}
 l - a potion of mutation {unknown}

Dungeon Overview and Level Annotations

Branches:
Dungeon (5/15)
 Temple: D:4-7

Altars:
Cheibriados
Ru
Xom

Annotations:
D:2 exclusion: orc
D:3 1 runed translucent door, Crazy Yiuf


Message History

You shoot an arrow. The arrow misses the hound.
The hound bites you but does no damage.
You shoot an arrow. The arrow barely misses the hound.
You have got your breath back.
The hound closely misses you.
3681 ||| INVOKING Spit Poison.
Aiming: Spit Poison (1% risk of failure)
Press: ? - help, Shift-Dir - straight line, f/p - hound The splash of poison hits the hound!
The hound looks even sicker.
You kill the hound!
You start resting.
You have got your breath back.
HP restored.
You see here a +1 heavy morningstar.
Enter note: You now have 139 gold pieces (gained 14).
A gargoyle comes into view. It is wielding a +0 mace.
Enter note: You shoot an arrow.
The arrow barely misses the gargoyle.
You shoot an arrow.
The arrow hits the gargoyle but does no damage.
The gargoyle hurls a stone arrow at you.
The stone arrow hits you!
You shoot an arrow. The arrow barely misses the gargoyle.
The gargoyle hurls a stone arrow at you.
The stone arrow hits you!!
You shoot an arrow. The arrow hits the gargoyle.
The gargoyle is lightly damaged.
You shoot an arrow. The arrow barely misses the gargoyle.
You shoot an arrow. The arrow hits the gargoyle.
The gargoyle is moderately damaged.
The gargoyle hurls a stone arrow at you.
The stone arrow hits you!!
3716 ||| READING scroll of teleportation.
As you read the scroll of teleportation, it crumbles to dust.
You feel strangely unstable.
You shoot an arrow. The arrow hits the gargoyle.
The gargoyle is moderately damaged.
The gargoyle hits you with a +0 mace!!
You die...

# #....#....#)# #.# #
###..####.#.# #.#
###### #..####.#.###.#
.....####.............#
..................#####
##########..###.###
#.....#.#
#.~~~.#.########
#.~:~.#.@9......
#.~~~...#######.
#.....### ##.)###
#............
#.##..###.#.. .. ...#
## ##.## #.#


You could see a gargoyle.

Vanquished Creatures
  Grinder (D:3)
  3 ogres
  A phantom (D:4)
  Blork the orc (D:4)
  A scorpion (D:4)
  An orc priest (D:3)
  A hound (D:5)
  Jessica (D:2)
  Ijyb (D:3)
  Natasha (thrice) (D:3)
  An iguana (D:4)
  2 adders
  An ufetubus (D:4)
  A worm (D:3)
  2 dart slugs
  8 orcs
  4 bats
  7 endoplasms
  6 giant cockroaches
  6 goblins
  11 hobgoblins
  3 jackals (D:1)
  3 quokkas
  10 ball pythons
  3 frilled lizards
  9 kobolds
  6 rats
97 creatures vanquished.

Notes
Turn   | Place    | Note
-------+----------+-------------------------------------------
     0 | D:1      | qw the Naga Hunter began the quest for the Orb.
     0 | D:1      | Reached XP level 1. HP: 19/19 MP: 1/1
     0 | D:1      | 0 ||| qw: Version: 0.2-a-29-g1fa15c8
     0 | D:1      | 0 ||| qw: Game counter: 4919
     0 | D:1      | 0 ||| qw: Always use a shield: true
     0 | D:1      | 0 ||| qw: God list: Okawaru
     0 | D:1      | 0 ||| qw: Allow faded altars: false
     0 | D:1      | 0 ||| qw: Do Orc after D:15 true
     0 | D:1      | 0 ||| qw: Do second Lair branch before Depths: true
     0 | D:1      | 0 ||| qw: Lair rune preference: random
     0 | D:1      | 0 ||| qw: Plans: Normal
     0 | D:1      | 0 ||| PLANNING D:1-11
    33 | D:1      | 33 ||| INVOKING Spit Poison.
    36 | D:1      | 36 ||| INVOKING Spit Poison.
    81 | D:1      | 81 ||| INVOKING Spit Poison.
    93 | D:1      | 93 ||| INVOKING Spit Poison.
    97 | D:1      | Reached skill level 4 in Ranged Weapons
    97 | D:1      | Reached XP level 2. HP: 26/26 MP: 2/2
   235 | D:1      | 235 ||| INVOKING Spit Poison.
   242 | D:1      | 242 ||| INVOKING Spit Poison.
   267 | D:1      | 267 ||| INVOKING Spit Poison.
   279 | D:1      | 279 ||| INVOKING Spit Poison.
   287 | D:1      | 287 ||| INVOKING Spit Poison.
   292 | D:1      | Found a faded altar of an unknown god.
   308 | D:1      | 308 ||| INVOKING Spit Poison.
   312 | D:1      | 312 ||| INVOKING Spit Poison.
   317 | D:1      | 317 ||| INVOKING Spit Poison.
   320 | D:1      | 320 ||| INVOKING Spit Poison.
   324 | D:1      | 324 ||| INVOKING Spit Poison.
   327 | D:1      | 327 ||| INVOKING Spit Poison.
   388 | D:1      | 388 ||| INVOKING Spit Poison.
   423 | D:1      | 423 ||| INVOKING Spit Poison.
   424 | D:1      | Reached XP level 3. HP: 32/32 MP: 3/3
   449 | D:1      | 449 ||| INVOKING Spit Poison.
   534 | D:1      | 534 ||| INVOKING Spit Poison.
   566 | D:1      | 566 ||| INVOKING Spit Poison.
   570 | D:1      | 570 ||| INVOKING Spit Poison.
   613 | D:1      | 613 ||| INVOKING Spit Poison.
   617 | D:1      | 617 ||| INVOKING Spit Poison.
   622 | D:1      | 622 ||| INVOKING Spit Poison.
   797 | D:1      | 797 ||| INVOKING Spit Poison.
   804 | D:1      | 804 ||| INVOKING Spit Poison.
   870 | D:1      | 870 ||| READING scroll labelled ZOROKHLANKI.
   871 | D:1      | 871 ||| READING 3 scrolls labelled CUV CATZOBOUSI.
   872 | D:1      | 872 ||| READING scroll labelled RUIFICH VORPH.
   873 | D:1      | 873 ||| READING scroll labelled ZUHUARPH WUPSIRARE.
   874 | D:1      | 874 ||| READING scroll labelled YMMAXASEAL.
   875 | D:1      | 875 ||| READING scroll labelled JYUTUNEILO.
   880 | D:1      | 880 ||| READING 2 scrolls of identify.
   880 | D:1      | 880 ||| IDENTIFYING viscous puce potion
   881 | D:1      | 881 ||| DROPPING scroll of butterflies.
   916 | D:2      | 916 ||| FLEEEEING.
   917 | D:2      | 917 ||| FLEEEEING.
   922 | D:2      | 922 ||| FLEEEEING.
   923 | D:2      | 923 ||| FLEEEEING.
   924 | D:2      | 924 ||| FLEEEEING.
   925 | D:2      | 925 ||| STAIRDANCE
   969 | D:2      | 969 ||| INVOKING Spit Poison.
   976 | D:2      | 976 ||| INVOKING Spit Poison.
   984 | D:2      | 984 ||| INVOKING Spit Poison.
   998 | D:2      | 998 ||| INVOKING Spit Poison.
  1010 | D:2      | 1010 ||| INVOKING Spit Poison.
  1017 | D:2      | Reached skill level 5 in Ranged Weapons
  1017 | D:2      | Reached XP level 4. HP: 24/39 MP: 4/4
  1062 | D:2      | 1062 ||| INVOKING Spit Poison.
  1149 | D:2      | 1149 ||| READING scroll of brand weapon.
  1149 | D:2      | 1149 ||| BRANDING +0 shortbow of freezing.
  1158 | D:2      | 1158 ||| INVOKING Spit Poison.
  1159 | D:2      | 1159 ||| INVOKING Spit Poison.
  1226 | D:2      | 1226 ||| INVOKING Spit Poison.
  1232 | D:2      | 1232 ||| INVOKING Spit Poison.
  1235 | D:2      | 1235 ||| FLEEEEING.
  1238 | D:2      | 1238 ||| FLEEEEING.
  1267 | D:2      | 1267 ||| READING 2 scrolls of identify.
  1267 | D:2      | 1267 ||| IDENTIFYING smoky amethyst potion
  1268 | D:2      | 1268 ||| DROPPING potion of lignification.
  1321 | D:2      | Noticed Jessica
  1323 | D:2      | 1323 ||| INVOKING Spit Poison.
  1329 | D:2      | 1329 ||| INVOKING Spit Poison.
  1329 | D:2      | Killed Jessica
  1330 | D:2      | Reached skill level 3 in Fighting
  1428 | D:2      | 1428 ||| UPGRADING to +1 hat.
  1455 | D:3      | 1455 ||| INVOKING Spit Poison.
  1494 | D:3      | Noticed Natasha
  1507 | D:3      | Killed Natasha
  1508 | D:3      | Reached XP level 5. HP: 25/49 MP: 5/5
  1619 | D:3      | Noticed Grinder
  1628 | D:3      | HP: 10/49 [Grinder (6)]
  1631 | D:3      | Killed Grinder
  1632 | D:3      | Reached skill level 6 in Ranged Weapons
  1632 | D:3      | Reached XP level 6. HP: 9/56 MP: 6/6
  1841 | D:3      | Noticed Ijyb
  1845 | D:3      | 1845 ||| INVOKING Spit Poison.
  1850 | D:3      | 1850 ||| INVOKING Spit Poison.
  1853 | D:3      | Killed Ijyb
  1877 | D:3      | Found a sacrificial altar of Ru.
  1924 | D:3      | 1924 ||| INVOKING Spit Poison.
  1950 | D:3      | Found a runed translucent door.
  1951 | D:3      | Noticed Crazy Yiuf
  1962 | D:3      | 1962 ||| INVOKING Spit Poison.
  1962 | D:3      | Noticed Natasha
  1965 | D:3      | 1965 ||| INVOKING Spit Poison.
  1973 | D:3      | 1973 ||| INVOKING Spit Poison.
  1974 | D:3      | Killed Natasha
  1978 | D:3      | 1978 ||| INVOKING Spit Poison.
  2068 | D:3      | 2068 ||| INVOKING Spit Poison.
  2086 | D:3      | 2086 ||| INVOKING Spit Poison.
  2092 | D:3      | 2092 ||| INVOKING Spit Poison.
  2095 | D:3      | 2095 ||| INVOKING Spit Poison.
  2133 | D:3      | 2133 ||| INVOKING Spit Poison.
  2192 | D:3      | 2192 ||| INVOKING Spit Poison.
  2291 | D:3      | 2291 ||| INVOKING Spit Poison.
  2313 | D:3      | Noticed Natasha
  2314 | D:3      | 2314 ||| INVOKING Spit Poison.
  2315 | D:3      | Killed Natasha
  2316 | D:3      | Reached XP level 7. HP: 61/64 MP: 7/7
  2396 | D:3      | 2396 ||| INVOKING Spit Poison.
  2676 | D:3      | 2676 ||| UPGRADING to amulet of the acrobat.
  2681 | D:3      | 2681 ||| READING scroll labelled DOD ZEUSINY.
  2682 | D:3      | 2682 ||| READING scroll labelled VUICEPSE GYENN.
  2683 | D:3      | 2683 ||| READING 2 scrolls of identify.
  2683 | D:3      | 2683 ||| IDENTIFYING fizzy coppery potion
  2684 | D:3      | 2684 ||| DROPPING potion of attraction.
  2710 | D:4      | Found a snail-covered altar of Cheibriados.
  2727 | D:4      | 2727 ||| INVOKING Spit Poison.
  2889 | D:4      | 2889 ||| INVOKING Spit Poison.
  2893 | D:4      | 2893 ||| INVOKING Spit Poison.
  2896 | D:4      | 2896 ||| INVOKING Spit Poison.
  2899 | D:4      | Reached skill level 7 in Ranged Weapons
  2910 | D:4      | 2910 ||| INVOKING Spit Poison.
  2929 | D:4      | Noticed Blork the orc
  2930 | D:4      | 2930 ||| INVOKING Spit Poison.
  2934 | D:4      | 2934 ||| INVOKING Spit Poison.
  2937 | D:4      | 2937 ||| INVOKING Spit Poison.
  2939 | D:4      | Killed Blork the orc
  3301 | D:4      | 3301 ||| INVOKING Spit Poison.
  3328 | D:4      | 3328 ||| INVOKING Spit Poison.
  3428 | D:4      | 3428 ||| INVOKING Spit Poison.
  3433 | D:4      | 3433 ||| INVOKING Spit Poison.
  3436 | D:4      | 3436 ||| INVOKING Spit Poison.
  3454 | D:4      | 3454 ||| INVOKING Spit Poison.
  3570 | D:4      | 3570 ||| READING scroll labelled BEKYFE XEINT.
  3571 | D:4      | 3571 ||| READING scroll labelled QIRU QUUGUNAMU.
  3572 | D:4      | 3572 ||| DRINKING 2 blue potions.
  3573 | D:4      | 3573 ||| READING 2 scrolls of identify.
  3573 | D:4      | 3573 ||| IDENTIFYING bubbling puce potion
  3574 | D:4      | 3574 ||| DROPPING potion of brilliance.
  3575 | D:4      | 3575 ||| DROPPING potion of degeneration.
  3583 | D:5      | Entered Level 5 of the Dungeon
  3599 | D:5      | Found a shimmering altar of Xom.
  3624 | D:5      | 3624 ||| INVOKING Spit Poison.
  3627 | D:5      | Reached XP level 8. HP: 72/72 MP: 8/8
  3627 | D:5      | 3627 ||| INVOKING Spit Poison.
  3630 | D:5      | Reached skill level 8 in Ranged Weapons
  3640 | D:5      | 3640 ||| INVOKING Spit Poison.
  3676 | D:5      | 3676 ||| INVOKING Spit Poison.
  3681 | D:5      | 3681 ||| INVOKING Spit Poison.
  3709 | D:5      | Noticed a gargoyle
  3715 | D:5      | HP: 18/72 [gargoyle/stone arrow (24)]
  3716 | D:5      | 3716 ||| READING scroll of teleportation.
  3717 | D:5      | Slain by a gargoyle

Levels and vault maps discovered:
D:1:      elethiomel_arrival_maze, layout_loops_ring, basic_ecumenical_altar,
          minmay_strange_pillars
D:2:      layout_rooms, guppyfry_early_orc_mine, uniq_jessica
D:3:      layout_loops_corners, nicolae_ru_the_path_less_chosen, minivault_19,
          uniq_grinder, uniq_crazy_yiuf_cottage, uniq_natasha, uniq_ijyb
D:4:      layout_gridville, mainiacjoe_overflow_brackets, uniq_blork_the_orc
D:5:      layout_loops_ring, overflow_temple_1_default, old_standard_altar,
          minmay_temple_entry_junction, corexii_item_surrounded_by_moat,
          nrook_campfire, minmay_misc_feat_diagonals

Skill      XL: |  1  2  3  4  5  6  7  8 |
---------------+-------------------------+-----
Ranged Weapons | 4 5 6 7 8 |  8.2
Fighting       | 3 4 |  4.2
Dodging        | 2 |  2.4
Stealth        | |  1.5

Action                     |  1- 3 |  4- 6 |  7- 9 || total
---------------------------+-------+-------+-------++-------
   Fire: Shortbow          |    79 |    86 |    67 ||   232
Ability: Spit Poison       |    31 |    22 |    20 ||    73
    Use: Scroll            |     7 |     2 |     7 ||    16
         Potion            |       |       |     1 ||     1
 Armour: Leather armour    |     6 |     5 |     7 ||    18
         Skin              |       |     4 |       ||     4
  Dodge: Dodged            |    11 |    11 |    13 ||    35

Table legend:
 A = Non-vault XP
 B = Vault XP
 C = Vault XP percentage of total XP
 D = Non-vault monster count
 E = Vault monster count
 F = Vault count percentage of total count
                 A         B        C        D         E       F
            +---------+---------+-------+---------+---------+-------
      Total |     899 |     491 |  35.3 |      85 |      12 |  12.4
            +---------+---------+-------+---------+---------+-------
        D:1 |      57 |       0 |   0.0 |      35 |       0 |   0.0
        D:2 |      33 |      53 |  61.6 |      12 |       8 |  40.0
        D:3 |     160 |     342 |  68.1 |      20 |       3 |  13.0
        D:4 |     362 |      96 |  21.0 |      14 |       1 |   6.7
        D:5 |     287 |       0 |   0.0 |       4 |       0 |   0.0
            +---------+---------+-------+---------+---------+-------
